 Dungeon Crawl Stone Soup version 0.26-a0-542-gbaa144ba5c (webtiles) character file.

Game seed: 15251327289726856695

1926 Devinter the Tainter (level 8, -1/41 HPs)
             Began as a Deep Elf Venom Mage on Aug 18, 2020.
             Was a Believer of Kikubaaqudgha.
             Slain by an ice beast (13 damage)
             ... on level 6 of the Dungeon.
             The game lasted 01:04:01 (6946 turns).

Devinter the Tainter (Deep Elf Venom Mage)          Turns: 6946, Time: 01:04:03

Health: -1/41      AC: 12    Str:  5    XL:     8   Next: 96%
Magic:  27/29      EV: 12    Int: 29    God:    Kikubaaqudgha [**....]
Gold:   266        SH:  0    Dex: 15    Spells: 8/21 levels left

rFire    . . .     SeeInvis .   k - +2 dagger (elec)
rCold    . . .     Faith    .   (no shield)
rNeg     . . .     Spirit   .   D - +3 leather armour {MR+}
rPois    .         Reflect  .   t - +0 helmet
rElec    .         Harm     .   J - +2 cloak {MR+}
rCorr    .                      (no gloves)
MR       ++...                  y - +1 pair of boots
Stlth    ++........             (no amulet)
HPRegen  0.13/turn              h - ring of magical power
MPRegen  0.21/turn              B - +6 ring of intelligence

@: studying Armour
A: no striking features
a: Receive Corpses, Renounce Religion


You were on level 6 of the Dungeon.
You worshipped Kikubaaqudgha.
Kikubaaqudgha was pleased with you.
You visited 1 branch of the dungeon, and saw 6 of its levels.
You also visited: Sewer.

You collected 378 gold pieces.
You spent 112 gold pieces at shops.

Inventory:

Hand Weapons
 e - a +0 dagger
 f - a +0 whip
 k - a +2 dagger of electrocution (weapon)
 s - a +4 mace
 C - a +0 quarterstaff
 E - a +1 dagger of venom
 K - a +2 great sword of freezing
 N - a +0 hand crossbow
 R - a +0 shortbow
Missiles
 a - 4 javelins (quivered)
 r - 82 bolts
 v - 123 arrows
 A - 9 poisoned darts
 M - 2 throwing nets
Armour
 l - a +0 robe
 t - a +0 helmet (worn)
 y - a +1 pair of boots (worn)
 D - a +3 leather armour of magic resistance (worn)
 J - a +2 cloak of magic resistance (worn)
Jewellery
 h - a ring of magical power (left hand)
 B - a +6 ring of intelligence (right hand)
 Q - a +4 ring of evasion
Wands
 o - a wand of random effects (12)
 x - a wand of polymorph (7)
Scrolls
 b - 3 scrolls of enchant armour
 d - 2 scrolls of fog {unknown}
 g - 5 scrolls of identify
 m - a scroll of noise {unknown}
 n - 3 scrolls of immolation
 p - 2 scrolls of remove curse
 q - a scroll of fear {unknown}
 u - a scroll of amnesia {unknown}
 z - 2 scrolls of teleportation {unknown}
 L - a scroll of summoning {unknown}
 P - a scroll of magic mapping {unknown}
 S - a scroll of random uselessness {unknown}
Potions
 c - a potion of stabbing {unknown}
 i - 2 potions of curing {unknown}
 j - 4 potions of flight {unknown}
 w - a potion of mutation {unknown}
 F - a potion of haste {unknown}
 G - a potion of magic {unknown}
 H - a potion of brilliance {unknown}
 I - a potion of lignification {unknown}
 O - 3 potions of heal wounds
 T - 3 potions of berserk rage {unknown}
Books
 U - a manual of Armour


   Skills:
 + Level 0.1 Armour
 - Level 3.0 Dodging
 - Level 3.0 Stealth
 + Level 7.2 Spellcasting
 - Level 2.0 Conjurations
 - Level 8.0 Necromancy
 - Level 2.0 Transmutations
 - Level 2.0 Fire Magic
 - Level 2.0 Air Magic
 - Level 8.0 Poison Magic


You had 8 spell levels left.
You knew the following spells:

 Your Spells              Type           Power        Failure   Level
a - Sting                 Tmut/Pois      ####         1%          1
b - Poisonous Vapours     Pois/Air       #####.       1%          2
c - Mephitic Cloud        Conj/Pois/Air  ####....     4%          3
d - Ignite Poison         Fire/Tmut/Pois ####....     4%          3
e - Animate Skeleton      Necr           ######       1%          1
f - Vampiric Draining     Necr           ######....   1%          3

Your spell library contained the following spells:

 Spells                   Type           Power        Failure   Level
 Pain                     Necr           ####         1%          1
 Sublimation of Blood     Necr           ######....   1%          2
 Olgreb's Toxic Radiance  Pois           ######..     3%          4


Dungeon Overview and Level Annotations

Branches:
Dungeon (6/15)              Sewer (visited)
 Temple: D:4-7

Altars:
Elyvilon
Kikubaaqudgha
Okawaru
Qazlal
Uskayaw

Shops:
D:4 ([}:


Message History

The ice beast looks more healthy.
Casting: Sting (safe; 1% risk of failure)
Confirm with . or Enter, or press ? or * to list all spells.
Aiming: Sting (safe; 1% risk of failure)
Press: ? - help, Shift-Dir - straight line, f/p - ice beast
Aim: an ice beast (heavily wounded)
The sting hits the ice beast but does no damage.
The ice beast is poisoned.
The ice beast is heavily wounded.
The ice beast hits you but does no damage.
Casting: Sting (safe; 1% risk of failure)
Confirm with . or Enter, or press ? or * to list all spells.
Aiming: Sting (safe; 1% risk of failure)
Press: ? - help, Shift-Dir - straight line, f/p - ice beast
Aim: an ice beast (heavily wounded, poisoned)
The sting misses the ice beast.
The ice beast hits you.
* * * LOW HITPOINT WARNING * * *
The ice beast freezes you!
You die...
Kikubaaqudgha rasps: "You have failed me!
Welcome... death!"

###.##.# #....#.## #.......#
#...#...# ##..#..## ##...#...##
###...##....# #.....##....####
##....#...@Y##.# #....#........##
##....####......##########
######.....# #................#
##.#.......## ##.##........)...##
#..........#####[.#...#..##)##..#
#.............#.........##...##.#
#......#.....###....#...#.##..#.#
##.....<............#...........#


You could see an ice beast (poisoned).

Vanquished Creatures
  Edmund (D:5)
  A sky beast (D:6)
  3 ice beasts (D:5)
  4 centaurs
  A big kobold (Sewer)
  A bullfrog (D:6)
  A scorpion (D:4)
  A killer bee (D:5)
  5 wights
  2 howler monkeys
  A hound (D:5)
  2 orc wizards
  Jessica (D:2)
  A bullfrog skeleton (D:6)
  Natasha (twice) (D:3)
  An iguana (D:5)
  2 worker ants
  2 hound skeletons
  Robin (D:2)
  A gnoll (D:1)
  10 adders
  4 river rats
  A white imp (D:6)
  An ufetubus (D:5)
  2 oozes
  A dart slug (D:2)
  6 leopard geckos
  17 orcs
  10 giant cockroaches
  13 goblins
  8 hobgoblins
  14 jackals
  12 kobolds
  4 quokkas
  5 ball pythons
  11 bats
  6 frilled lizards
  A jackal skeleton (D:4)
  A leopard gecko skeleton (D:4)
  A leopard gecko zombie (D:5)
  A quokka skeleton (D:4)
  14 rats
177 creatures vanquished.

Notes
Turn   | Place    | Note
-------+----------+-------------------------------------------
     0 | D:1      | Devinter the Deep Elf Venom Mage began the quest for the
                  | Orb.
     0 | D:1      | Reached XP level 1. HP: 10/10 MP: 6/6
   114 | D:1      | Reached XP level 2. HP: 15/15 MP: 2/8
   267 | D:1      | Learned a level 2 spell: Poisonous Vapours
   549 | D:1      | Reached skill level 3 in Stealth
   549 | D:1      | Reached XP level 3. HP: 15/19 MP: 9/9
   570 | D:1      | Reached skill level 3 in Dodging
   651 | D:1      | Learned a level 3 spell: Mephitic Cloud
   655 | D:1      | Learned a level 3 spell: Ignite Poison
   815 | D:2      | Reached skill level 2 in Transmutations
  1078 | D:2      | Noticed Jessica
  1081 | D:2      | Killed Jessica
  1081 | D:2      | Reached skill level 4 in Spellcasting
  1081 | D:2      | Reached skill level 4 in Poison Magic
  1081 | D:2      | Reached XP level 4. HP: 16/24 MP: 12/12
  1195 | D:2      | Found an iron altar of Okawaru.
  1237 | D:2      | Found an ancient bone altar of Kikubaaqudgha.
  1384 | D:2      | Became a worshipper of Kikubaaqudgha
  1569 | D:2      | Noticed Robin
  1601 | D:2      | Found a stormy altar of Qazlal.
  1727 | D:2      | Killed Robin
  1728 | D:2      | Reached XP level 5. HP: 28/28 MP: 9/14
  2098 | D:2      | Reached * piety under Kikubaaqudgha
  2098 | D:2      | Identified Kikubaaqudgha's Grimoire of Black Arts
                  | (Kikubaaqudgha gifted it to you on level 2 of the Dungeon)
  2098 | D:2      | Received a gift from Kikubaaqudgha
  2102 | D:2      | Learned a level 1 spell: Animate Skeleton
  2106 | D:2      | Learned a level 3 spell: Vampiric Draining
  2422 | D:3      | Reached skill level 5 in Spellcasting
  2516 | D:3      | Noticed Natasha
  2521 | D:3      | Killed Natasha
  2587 | D:3      | Found a hide-covered altar of Uskayaw.
  2655 | D:3      | Reached skill level 1 in Necromancy
  2708 | D:3      | Noticed Natasha
  2926 | D:3      | Reached skill level 1 in Conjurations
  3170 | D:3      | Reached skill level 1 in Fire Magic
  3170 | D:3      | Reached skill level 1 in Air Magic
  3256 | D:3      | Reached skill level 5 in Poison Magic
  3256 | D:3      | Reached XP level 6. HP: 27/32 MP: 15/15
  3640 | D:4      | Reached skill level 2 in Necromancy
  3839 | D:3      | Reached skill level 2 in Conjurations
  3839 | D:3      | Reached skill level 2 in Fire Magic
  4018 | D:3      | HP: 3/32 [wight/cursed +0 great sword (14)]
  4018 | D:3      | HP: 1/32 [wight/cursed +0 great sword (2)]
  4035 | D:4      | Reached skill level 3 in Necromancy
  4035 | D:4      | Reached skill level 2 in Air Magic
  4308 | D:4      | Found Eplemauv's Book Emporium.
  4308 | D:4      | Found Rafunoimm's Antique Armour Emporium.
  4323 | D:4      | Found Oluon's Gadget Emporium.
  4328 | D:4      | Found Denoxe's Weapon Emporium.
  4423 | D:3      | Killed Natasha
  4516 | D:4      | Reached skill level 4 in Necromancy
  4516 | D:4      | Reached XP level 7. HP: 32/36 MP: 16/16
  4778 | D:4      | Reached skill level 5 in Necromancy
  4787 | D:4      | Reached ** piety under Kikubaaqudgha
  5051 | D:4      | Bought a runed cloak for 112 gold pieces
  5159 | D:5      | Entered Level 5 of the Dungeon
  5259 | D:5      | Reached skill level 6 in Poison Magic
  5316 | D:5      | Noticed Edmund
  5434 | D:5      | Found a glowing drain.
  5439 | Sewer    | Entered a sewer
  5451 | Sewer    | Reached skill level 7 in Poison Magic
  5598 | Sewer    | Reached XP level 8. HP: 41/41 MP: 11/17
  5622 | Sewer    | Found a white marble altar of Elyvilon.
  5781 | D:5      | Killed Edmund
  5781 | D:5      | Reached skill level 8 in Poison Magic
  5913 | D:5      | Reached skill level 6 in Necromancy
  6177 | D:5      | Found a white marble altar of Elyvilon.
  6199 | D:5      | Reached skill level 7 in Necromancy
  6558 | D:6      | Reached skill level 8 in Necromancy
  6674 | D:6      | Reached skill level 6 in Spellcasting
  6721 | D:6      | Reached skill level 7 in Spellcasting
  6946 | D:6      | Slain by an ice beast

Illustrated notes

Levels and vault maps discovered:
D:1:      onia_arrival_pyramid, layout_rooms, chequers_serial_rivers_room_b
D:2:      layout_basic, kiku_gazebo_pond_becter, okawaru_ov_weapons_minmay,
          st_stairs_12, grunt_decor_clamped, nicolae_qazlal_general_emergency,
          uniq_jessica, uniq_robin
D:3:      layout_basic, old_standard_altar, minmay_unequal, uniq_natasha
D:4:      layout_cave_pools, minmay_shop_grid_forest
D:5:      minmay_spotlight, layout_loops_cross, kennysheep_mini,
          portal_sewer_entry_e, hangedman_abyss_or_decor_stabs,
          serial_park_tiny_2, fountainhead, uniq_edmund
D:6:      layout_cave_pools, temple_statues, abandoned_shop,
          minmay_statues_item, minmay_manual_mares

Skill      XL: |  1  2  3  4  5  6  7  8 |
---------------+-------------------------+-----
Stealth        | 3 |  3.0
Dodging        | 3 |  3.0
Transmutations | 2 |  2.0
Spellcasting   | 4 5 7 |  7.2
Poison Magic   | 4 5 7 8 |  8.0
Necromancy     | 1 4 5 8 |  8.0
Conjurations   | 1 2 |  2.0
Fire Magic     | 1 2 |  2.0
Air Magic      | 1 2 |  2.0
Armour         | |  0.1

Action                   |  1- 3 |  4- 6 |  7- 9 || total
-------------------------+-------+-------+-------++-------
Melee: Whip              |    15 |       |       ||    15
       Dagger            |     4 |    70 |    84 ||   158
 Cast: Sting             |    52 |   124 |   130 ||   306
       Poisonous Vapours |     8 |    36 |    32 ||    76
       Mephitic Cloud    |       |     3 |     1 ||     4
       Ignite Poison     |       |     1 |       ||     1
  Use: Scroll            |       |     4 |       ||     4
       Potion            |       |     1 |     3 ||     4
 Stab: Sleeping          |       |       |     1 ||     1
Armor: Robe              |     5 |    12 |       ||    17
       Leather armour    |       |    22 |    78 ||   100
Dodge: Dodged            |    31 |    82 |   107 ||   220

Table legend: (Time is in decaauts)
 A = Elapsed time spent in this place.
 B = Non-inter-level travel time spent in this place.
 C = Inter-level travel time spent in this place.
 D = Time resting spent in this place.
 E = Time spent auto-exploring this place.
 F = Levels seen in this place.
 G = Mean time per level.
                   A        B        C        D        E       F      G
               +--------+--------+--------+--------+--------+-----+--------+
         Total |   6990 |   6665 |    325 |   2577 |    916 |   7 |  998.6 |
       Dungeon |   6748 |   6423 |    325 |   2494 |    916 |   6 | 1124.7 |
         Sewer |    242 |    242 |      0 |     83 |      0 |   1 |  242.0 |
               +--------+--------+--------+--------+--------+-----+--------+

Top non-repeatable levels by time:
     D:3: 1771 daAuts
     D:2: 1260 daAuts
     D:1: 1152 daAuts
     D:5: 1109 daAuts
     D:4: 1011 daAuts
     D:6: 442 daAuts
   Sewer: 242 daAuts
